 Dungeon Crawl Stone Soup version 0.28-a0-998-gb9e9c7b67e (webtiles) character file.

Game seed: 3688068055320944250

2278 Lavandula the Quickloader (level 9, -7/78 HPs)
             Began as a Naga Arcane Marksman on Dec 6, 2021.
             Was a Believer of Fedhas.
             Mangled by a troll (12 damage)
             ... on level 6 of the Dungeon.
             The game lasted 00:14:41 (7678 turns).

Lavandula the Quickloader (Naga Arcane Marksman)    Turns: 7678, Time: 00:14:42

Health: -7/78      AC:  7    Str: 14    XL:     9   Next: 39%
Magic:  0/10       EV: 10    Int: 27    God:    Fedhas [**....]
Gold:   67         SH:  0    Dex: 13    Spells: 2/10 levels left

rFire   + . .      SeeInvis +   a - +0 hand crossbow
rCold   . . .      Faith    .   (no shield)
rNeg    . . .      Spirit   +   p - +0 leather armour {rF+}
rPois   +          Reflect  .   (no helmet)
rElec   .          Harm     .   l - +0 cloak
rCorr   .          Rampage  .   B - +1 pair of gloves
Will    +....                   (no barding)
Stlth   +.........              K - amulet of guardian spirit
HPRegen 0.23/turn               z - +6 ring of intelligence
MPRegen 0.12/turn               s - +6 ring of intelligence

@: short of breath, very slow
A: AC +3, large, see invisible, deformed body, poison resistance, slowness 2,
spit poison 1, naga tail 1
a: Spit Poison, Renounce Religion, Wall of Briars


You were on level 6 of the Dungeon.
You worshipped Fedhas.
Fedhas was pleased with you.
You visited 2 branches of the dungeon, and saw 7 of its levels.
You also visited: Ossuary.

You collected 297 gold pieces.
You spent 230 gold pieces at shops.

Inventory:

Hand Weapons
 a - a +0 hand crossbow (weapon)
 f - a +2 dagger of speed
 t - a +0 falchion
 L - a +5 falchion
Missiles
 c - 75 bolts (quivered ammo)
Armour
 l - a +0 cloak (worn)
 p - a +0 leather armour of fire resistance (worn)
 B - a +1 pair of gloves (worn)
Magical Staves
 E - a staff of earth
 H - a staff of death
Jewellery
 s - a +6 ring of intelligence (right hand)
 z - a +6 ring of intelligence (left hand)
 I - a ring of protection from fire
 K - an amulet of guardian spirit (around neck)
Wands
 r - a wand of acid (5)
 v - a wand of paralysis (1)
 C - a wand of iceblast (12)
 F - a wand of flame (7)
 G - a wand of polymorph (5)
 J - a wand of mindburst (2)
Scrolls
 b - 3 scrolls of immolation
 e - 3 scrolls of teleportation {unknown}
 j - 2 scrolls of enchant armour {unknown}
 m - 3 scrolls of blinking {unknown}
 n - 2 scrolls of fog {unknown}
 q - 2 scrolls of enchant weapon {unknown}
 w - 3 scrolls of magic mapping {unknown}
 y - 3 scrolls of identify {unknown}
Potions
 d - a potion of ambrosia {unknown}
 g - 2 potions of might {unknown}
 h - 7 potions of heal wounds {unknown}
 i - 4 potions of haste {unknown}
 k - a potion of lignification {unknown}
 o - 3 potions of curing {unknown}
 u - 2 potions of mutation
 x - 5 potions of attraction {unknown}
 A - a potion of berserk rage {unknown}
 D - a potion of flight {unknown}


   Skills:
 - Level 4.3 Fighting
 - Level 10.2 Crossbows
 + Level 2.4 Dodging
 - Level 1.0 Spellcasting
 - Level 3.0 Hexes
 - Level 2.5 Invocations


You had 2 spell levels left.
You knew the following spells:

 Your Spells              Type           Power      Damage    Failure   Level
a - Slow                  Hex            68%        N/A       4%          1
b - Inner Flame           Hex/Fire       9%         N/A       22%         3
c - Cause Fear            Hex            8%         N/A       36%         4

Your spell library contained the following spells:

 Spells                   Type           Power      Damage    Failure   Level
 Foxfire                  Conj/Fire      4%         2x1d4     14%         1
 Portal Projectile        Hex/Tloc       18%        N/A       22%         3
 Conjure Flame            Conj/Fire      1%         6-21      38%         3
 Flame Wave               Conj/Fire      1%         2d4       80%         4


Dungeon Overview and Level Annotations

Branches:
Dungeon (6/15)             Temple (1/1) D:4         Ossuary (visited)

Altars:
Cheibriados
Dithmenos
Fedhas
Makhleb
Ru
Sif Muna
Yredelemnul
The Shining One

Shops:
D:6 [(*

Annotations:
D:2 1 runed translucent door, Crazy Yiuf, Natasha
D:3 2 runed translucent doors, afd's ghost, amateur OpCj
D:5 exclusion: door


Innate Abilities, Weirdness & Mutations

Your serpentine skin is tough. (AC +3)
You have supernaturally acute eyesight. (SInv)
Armour fits poorly on your strangely shaped body.
Your system is resistant to poisons. (rPois)
You cover ground very slowly.
You can spit poison.
You have a snake-like lower body.


Message History

Your Dodging skill increases to level 2!
You shoot a bolt. The bolt closely misses the troll.
The troll bites you. The troll claws you. The troll barely misses you.
You shoot a bolt. The bolt hits the troll.
The troll is severely wounded.
The troll bites you! The troll claws you. The troll barely misses you.
You shoot a bolt. The bolt hits the troll.
The troll is severely wounded.
The troll bites you but does no damage. The troll claws you but does no damage.
The troll closely misses you.
You shoot a bolt. The bolt hits the troll.
The troll is almost dead.
The troll bites you but does no damage. The troll claws you but does no damage.
The troll claws you.
You shoot a bolt.
The bolt hits the troll but does no damage.
The troll is almost dead.
The troll barely misses you. The troll claws you. The troll closely misses you.
You shoot a bolt. The bolt closely misses the troll.
The troll bites you! The troll claws you! x2
You are too injured to fight recklessly!
Aiming: Spit Poison (1% risk of failure)
Press: ? - help, Shift-Dir - straight line, f/p - troll
Aim: a troll (severely wounded)
The splash of poison misses the troll.
The troll bites you. The troll claws you! The troll claws you.
* * * LOW HITPOINT WARNING * * *
Unknown command.
Unknown command.
Okay, then.
Okay, then.
Okay, then.
Aiming: Mindburst
Press: ? - help, Shift-Dir - straight line, f/p - troll
Aim: a troll (severely wounded, chance to affect: 65%)
The troll's mind is blasted!
The troll bites you!
* * * LOW HITPOINT WARNING * * *
The troll completely misses you. The troll claws you!
You die...
Fedhas appreciates your contribution to the ecosystem.

#.....###.. #.....#....
#.>.....8.. #####+###
#####.#...# #.......# #.##'##
#.......# #.#...# #....8..+
##.#...# #.......# #.......
#########....@..# ##.#....
#.........###T#########.......
#.######### ((. #..........#..
#.# #....#..(..#........#.###
#.# #....#.....#.###.........
#.# #....#.....#####.#(.#.#.#
#.# ###..##.(.##........#...#
#.# #....#######.............
#.# #.#.....# #.###....##....


You could see a troll.

Vanquished Creatures
  2 wyverns (D:6)
  2 sky beasts (D:6)
  3 black bears
  An ogre (D:4)
  A necrophage (D:6)
  Blork the orc (D:5)
  A scorpion (D:6)
  A water moccasin zombie (D:5)
  3 water moccasin skeletons
  4 wights (D:6)
  A centaur zombie (D:6)
  4 hounds
  A jelly (D:6)
  2 human zombies (Ossuary)
  A bullfrog skeleton (D:4)
  5 orc priests
  2 iguanas
  Ijyb (D:5)
  Natasha (D:2)
  An orc wizard (D:3)
  2 hound skeletons (D:4)
  7 mummies
  A howler monkey zombie (D:5)
  3 gnolls (D:3)
  5 adders
  A shadow imp (D:6)
  An ufetubus (D:4)
  An adder skeleton (D:4)
  4 worms
  6 dart slugs
  16 orcs
  4 endoplasms (D:3)
  A giant cockroach (D:2)
  6 hobgoblins
  5 jackals
  8 kobolds
  6 ball pythons
  6 bats
  4 frilled lizards
  3 gnoll zombies (Ossuary)
  7 goblins
  2 goblin zombies
  A hobgoblin zombie (D:5)
  A kobold zombie (Ossuary)
  An orc zombie (Ossuary)
  2 rats (D:1)
  A spectral hobgoblin (D:1)
143 creatures vanquished.

Vanquished Creatures (others)
  4 plants (D:6)
4 creatures vanquished.

Grand Total: 147 creatures vanquished

Notes
Turn   | Place    | Note
-------+----------+-------------------------------------------
     0 | D:1      | Lavandula the Naga Arcane Marksman began the quest for the
                  | Orb.
     0 | D:1      | Reached XP level 1. HP: 18/18 MP: 2/2
    84 | D:1      | Reached skill level 2 in Crossbows
   297 | D:1      | Found a faded altar of an unknown god.
   300 | D:1      | Reached XP level 2. HP: 25/25 MP: 3/3
   925 | D:1      | Reached skill level 3 in Crossbows
  1195 | D:2      | Reached XP level 3. HP: 22/31 MP: 4/4
  1647 | D:2      | Reached XP level 4. HP: 26/38 MP: 5/5
  1852 | D:2      | Noticed Natasha
  1859 | D:2      | Killed Natasha
  1860 | D:2      | Reached skill level 4 in Crossbows
  2116 | D:2      | Found a runed translucent door.
  2117 | D:2      | Noticed Crazy Yiuf
  2220 | D:2      | Noticed Natasha
  2577 | D:3      | Noticed a black bear
  2586 | D:3      | Killed a black bear
  2587 | D:3      | Reached skill level 5 in Crossbows
  2587 | D:3      | Reached XP level 5. HP: 28/44 MP: 3/6
  2723 | D:3      | Reached XP level 6. HP: 51/51 MP: 7/7
  3154 | D:3      | Found a large runed translucent door.
  3154 | D:3      | Found a large runed translucent door.
  3159 | D:3      | Noticed afd's ghost (amateur OpCj)
  3556 | D:4      | Reached skill level 6 in Crossbows
  3670 | D:4      | Reached XP level 7. HP: 48/57 MP: 8/8
  3906 | D:4      | Reached skill level 7 in Crossbows
  4110 | D:4      | Found a staircase to the Ecumenical Temple.
  4167 | Temple   | Entered the Ecumenical Temple
  4206 | Temple   | Became a worshipper of Fedhas Madash
  4589 | D:5      | Entered Level 5 of the Dungeon
  4627 | D:5      | Found a sand-covered staircase.
  4639 | D:5      | Learned a level 3 spell: Inner Flame
  4644 | D:5      | Learned a level 4 spell: Cause Fear
  4722 | Ossuary  | Entered an ossuary
  5094 | Ossuary  | Reached skill level 8 in Crossbows
  5399 | D:5      | Reached * piety under Fedhas
  5503 | D:5      | Reached XP level 8. HP: 44/64 MP: 9/9
  5900 | D:5      | Noticed Blork the orc
  5906 | D:5      | Killed Blork the orc
  6066 | D:5      | Reached skill level 9 in Crossbows
  6124 | D:5      | Noticed Ijyb
  6138 | D:5      | Killed Ijyb
  6465 | D:5      | Found a shimmering blue altar of Sif Muna.
  6665 | D:6      | Found Joadudgh's Assorted Antiques.
  6675 | D:6      | Bought a lead wand for 92 gold pieces
  6675 | D:6      | Bought a tapered brass wand for 92 gold pieces
  6675 | D:6      | Bought a scroll labelled SUWICE XIPSO for 23 gold pieces
  6675 | D:6      | Bought a scroll labelled TUAZ HEIGU for 23 gold pieces
  6830 | D:6      | Found Qaerchaego's Antique Weapon Emporium.
  6964 | D:6      | Noticed a wyvern
  6970 | D:6      | Killed a wyvern
  6970 | D:6      | Reached ** piety under Fedhas
  6971 | D:6      | Reached skill level 10 in Crossbows
  7139 | D:6      | Reached skill level 1 in Invocations
  7150 | D:6      | Reached XP level 9. HP: 63/70 MP: 10/10
  7481 | D:6      | Found Exzeonki's Antique Armour Emporium.
  7660 | D:6      | Noticed a troll
  7678 | D:6      | Mangled by a troll

Illustrated notes

Levels and vault maps discovered:
D:1:      ncdulo_wetmaze, layout_basic,
          dreamdust_ecumenical_altar_drowned_temple
D:2:      layout_loops_ring, uniq_natasha, uniq_crazy_yiuf_cottage
D:3:      layout_loops_ring, ebering_ghost_disaster_area, minivault_14
D:4:      layout_basic, minmay_temple_entry_ruins, minivault_11,
          chequers_serial_rivers_room_b, minmay_misc_feat_x
D:5:      layout_rooms, led_sif_book, nicolae_ossuary_entry_giza,
          uniq_blork_the_orc, uniq_ijyb
D:6:      layout_basic, serial_shops, nicolae_shop_overgrown_old_shop, shop,
          nicolae_shop_hallway_plus, grunt_ministairs_13,
          hellmonk_bongcloud_opening, minmay_three_doors
Temple:   mainiacjoe_temple_bowtie_tessellation

Skill      XL: |  1  2  3  4  5  6  7  8  9 |
---------------+----------------------------+-----
Crossbows      | 2 3 5 6 8 10 | 10.2
Invocations    | 2 |  2.5
Fighting       | 4 |  4.3
Dodging        | 2 |  2.4
Spellcasting   | |  1.0
Hexes          | |  3.0

Action                   |  1- 3 |  4- 6 |  7- 9 || total
-------------------------+-------+-------+-------++-------
 Fire: Hand crossbow     |    51 |    94 |   343 ||   488
 Cast: Slow              |       |     2 |       ||     2
 Abil: Spit Poison       |    22 |    17 |    30 ||    69
Evoke: Wand              |       |       |     2 ||     2
Armor: Robe              |    11 |    16 |    29 ||    56
       Leather armour    |       |       |    47 ||    47
Dodge: Dodged            |    11 |    28 |    67 ||   106

Table legend: (Time is in decaauts)
 A = Elapsed time spent in this place.
 B = Non-inter-level travel time spent in this place.
 C = Inter-level travel time spent in this place.
 D = Time resting spent in this place.
 E = Time spent auto-exploring this place.
 F = Levels seen in this place.
 G = Mean time per level.
                   A        B        C        D        E       F      G
               +--------+--------+--------+--------+--------+-----+--------+
         Total |   9510 |   9098 |    412 |    954 |   6838 |   8 | 1188.8 |
       Dungeon |   8760 |   8383 |    377 |    948 |   6291 |   6 | 1460.0 |
        Temple |     88 |     53 |     35 |      0 |     43 |   1 |   88.0 |
       Ossuary |    661 |    661 |      0 |      6 |    503 |   1 |  661.0 |
               +--------+--------+--------+--------+--------+-----+--------+

Top non-repeatable levels by time:
     D:2: 1615 daAuts
     D:5: 1585 daAuts
     D:1: 1516 daAuts
     D:3: 1497 daAuts
     D:4: 1374 daAuts
     D:6: 1171 daAuts
 Ossuary: 661 daAuts
  Temple: 88 daAuts
